[Event "*** Titled Tuesday Blitz"]
[Site "Chess.com"]
[Date "2020.10.20"]
[Round "6"]
[White "vaishali2001"]
[Black "plumalka"]
[Result "0-1"]
[WhiteElo "2574"]
[BlackElo "2432"]
[TimeControl "180+1"]
[EndTime "11:09:06 PDT"]
[Termination "plumalka won by resignation"]

1. d4 Nf6 2. Bf4 d5 3. e3 c5 4. c3 Nc6 5. Nd2 Bf5 6. Qb3 Qb6 7. dxc5 Qxb3 8. Nxb3 e5 9. Bg3 Ne4 10. Bb5 f6 11. Na5 Bd7 12. Nxb7 Rb8 13. Bxc6 Bxc6 14. Na5 Kd7 15. b4 Nxc3 16. a3 h5 17. h4 g6 18. Ne2 Na4 19. Kd2 Be7 20. Nc3 Nxc3 21. Kxc3 Bd8 22. Rhd1 Bxa5 23. bxa5 Rb5 24. Rab1 Rhb8 25.
Rb4 Rxc5+ 26. Kb2 Rbb5 27. a6 Ra5 28. f4 Ke6 29. fxe5 fxe5 30. Rb8 Rcb5+ 31. Rxb5 Rxb5+ 32. Ka2 Ra5 33. Rf1 Rxa6 34. Rf8 Rb6 35. Rg8 Kf5 36.
Rg7 Rb7 37. Rg8 Ke4 38. Rxg6 Kxe3 39. Rxc6 e4 40. Rd6 d4 41. Be5 d3 42. Bc3 Rc7 43.
Bb4 Ke2 44. Kb3 e3 45. Re6 d2 46. Bxd2 Kxd2 47. Rd6+ Ke1 48. Kb4 Re7 49. Kb5 e2 50. Ka6 Kf1 51. a4 e1=Q 52. Rf6+ 0-1

[Event "*** Titled Tuesday Blitz"]
[Site "Chess.com"]
[Date "2020.10.20"]
[Round "6"]
[White "MisiekZielony"]
[Black "crazy_but_lazy"]
[Result "0-1"]
[WhiteElo "2275"]
[BlackElo "2471"]
[TimeControl "180+1"]
[EndTime "11:09:06 PDT"]
[Termination "crazy_but_lazy won on time"]

1. c4 e5 2. Nc3 Bb4 3. Qc2 Nf6 4. Nf3 d6 5. e3 O-O 6. d3 Bf5 7. a3 Bxc3+ 8. Qxc3 Nc6 9. Be2 e4 10.
Nd4 Nxd4 11. Qxd4 exd3 12. Bxd3 Bxd3 13. Qxd3 Qe7 14. O-O a5 15. b3 b6 16. Bb2 Ne4 17.
b4 Qe6 18. f3 Nf6 19. Rfd1 Rfe8 20. e4 a4 21. Rac1 Nh5 22. Qd2 Qg6 23. Kh1 Nf6 24. c5 dxc5 25. bxc5 b5 26. c6 h5 27.
Rc5 Rab8 28. Rg5 Qh6 29. Qf4 Re6 30. Rd7 b4 31. h4 bxa3 32. Bxa3 Rb1+ 33. Kh2 Rb8 34. Rxc7 Ne8 35. Rd7 f6 36. Qf5 fxg5 37. Qf7+ Kh7 38. hxg5 Qg6 0-1

[Event "*** Titled Tuesday Blitz"]
[Site "Chess.com"]
[Date "2020.10.20"]
[Round "6"]
[White "lucachess49"]
[Black "chessknight02"]
[Result "0-1"]
[WhiteElo "2364"]
[BlackElo "2270"]
[TimeControl "180+1"]
[EndTime "11:09:06 PDT"]
[Termination "chessknight02 won by resignation"]

1. d4 Nf6 2. c4 e6 3. Nc3 Bb4 4. e3 O-O 5. Ne2 Re8 6. a3 Bf8 7. Ng3 d5 8. Be2 b6 9. cxd5 exd5 10. O-O c6 11. b4 b5 12. Qc2 Nbd7 13. a4 bxa4 14.
Qxa4 Nb6 15. Qb3 Bg4 16. Bd3 h5 17. h3 h4 18. Nf5 Bxf5 19. Bxf5 Nc4 20. Bd3 Nd6 21. Bd2 Nfe4 22. Nxe4 Nxe4 23. Bxe4 Rxe4 24. Ra6 Qd7 25. Rc1 Re6 26. Qa4 Rg6 27. Kf1 Qf5 28. Qd1 Qd3+ 29. Qe2 Qe4 30. f3 Qe8 31. b5 cxb5 32.
Rxg6 fxg6 33. Qd3 a5 34. Qb3 Qd7 35. Qd3 b4 36. Qxg6 a4 37. Ra1 b3 38. Qb1 Qb5+ 39. Kf2 a3 40. Bc3 Rc8 41. Qe1 Qc4 42. Bd2 Qd3 43. Rb1 Rc2 44. Rd1 b2 45. e4 a2 46.
e5 b1=Q 47. Rxb1 Rxd2+ 0-1

[Event "*** Titled Tuesday Blitz"]
[Site "Chess.com"]
[Date "2020.10.20"]
[Round "6"]
[White "LiamVrolijk"]
[Black "QuintilianoR"]
[Result "0-1"]
[WhiteElo "2838"]
[BlackElo "2667"]
[TimeControl "180+1"]
[EndTime "11:09:07 PDT"]
[Termination "QuintilianoR won on time"]

1. d4 Nf6 2. Bg5 d5 3. e3 e6 4. Nd2 h6 5. Bh4 Be7 6. Bd3 b6 7. c3 O-O 8. f4 Ba6 9. Bc2 c5 10. Ngf3 Nc6 11. Bxf6 Bxf6 12. h4 cxd4 13. exd4 Qd6 14.
Ne5 Bxe5 15. fxe5 Qe7 16. Qh5 Rac8 17. Nf3 Nb4 18. Kd2 Nxc2 19. Kxc2 f5 20. exf6 Rxf6 21. Rae1 b5 22. Qxd5 b4 23. Qa5 Bb7 24. Re3 bxc3 25. bxc3 Qd7 26. Kd2 Rf5 27. Qa3 Qc7 28. Rhe1 Ra5 29.
Qb2 Bd5 30. Ra1 Qg3 31. a4 Qxg2+ 32. Re2 Qxf3 33. Qb4 Ra6 34. Rae1 Rac6 35. Re3 Qf4 36. Kc2 Qxh4 37. R1e2 Qd8 38. Rg3 Qc7 39. Ree3 a5 40. Qa3 Rc4 41. Qa1 Rxd4 42. Qg1 Re4 43. Rd3 Rxa4 44. Kb2 Ra2+ 45. Kb1 Rb8+ 0-1

[Event "*** Titled Tuesday Blitz"]
[Site "Chess.com"]
[Date "2020.10.20"]
[Round "6"]
[White "swimmerchess"]
[Black "GMTalks_Youtube"]
[Result "1-0"]
[WhiteElo "2780"]
[BlackElo "2610"]
[TimeControl "180+1"]
[EndTime "11:09:07 PDT"]
[Termination "swimmerchess won on time"]

1. e4 e5 2. Nf3 Nc6 3. Bb5 a6 4. Ba4 Nf6 5. O-O Be7 6. Re1 b5 7. Bb3 O-O 8. h3 Bb7 9. d3 d6 10.
a3 Nb8 11. Nc3 Nbd7 12. Ne2 h6 13. Ng3 Re8 14. Nf5 Bf8 15. N3h4 Nc5 16. Ba2 Ne6 17. Qf3 Kh7 18. Qg3 g6 19. Ne3 Nh5 20. Qg4 Bc8 21. Nhf5 c6 22. Bd2 Ra7 23. Qd1 Nhf4 24.
Ng3 Bg7 25. Ne2 Qg5 26. Kh2 Qh4 27. Rf1 Ng5 28. Ng1 Nfxh3 29. g3 Qh5 30. Qxh5 gxh5 31. f4 exf4 32. gxf4 Nxg1 33. fxg5 Ne2 34. Bxf7 Be5+ 35. Kg2 Rxf7 36. Rxf7+ Kg6 37. Raf1 hxg5 38. Rc7 Nf4+ 39. Kh1 Bh3 40. Rg1 Ne2 41. Rxc6 Nxg1 42. Kxg1 Rd8 43.
c3 1-0

[Event "*** Titled Tuesday Blitz"]
[Site "Chess.com"]
[Date "2020.10.20"]
[Round "6"]
[White "sergiochess83"]
[Black "arminmusovic"]
[Result "1-0"]
[WhiteElo "2754"]
[BlackElo "2567"]
[TimeControl "180+1"]
[EndTime "11:09:08 PDT"]
[Termination "sergiochess83 won on time"]

1. e4 c6 2. d4 d5 3. e5 c5 4. Nf3 Nc6 5. dxc5 Bg4 6. Bb5 e6 7. Be3 Ne7 8. c3 a6 9. Ba4 h6 10. Nbd2 g5 11. h4 Bxf3 12. Nxf3 g4 13. Nd4 h5 14. f4 Qc7 15. b4 Bh6 16. g3 O-O 17. Bxc6 bxc6 18. a4 Ng6 19. Qd3 a5 20. O-O axb4 21.
cxb4 Rfb8 22. Rfb1 Rb7 23. Nxe6 Qd7 24. Nd4 Re8 25. b5 Rc8 26. Qf5 cxb5 27. c6 Qxf5 28. Nxf5 Rxc6 29. axb5 Rc3 30. Nxh6+ Kh7 31. Nf5 d4 32. Bxd4 Rd3 33. Rd1 Rxd1+ 34. Rxd1 Rxb5 35. Nd6 Rb3 36. Bf2 Ne7 37. Nxf7 Nf5 38. Ng5+ Kg6 39.
Ne4 Ra3 40. e6 Ra6 41. Nc5 Ra3 42. Kg2 Ra2 43. Re1 Ne7 44. Re5 Rc2 45. Ne4 Ra2 46.
Rg5+ Kh6 47. f5 1-0

[Event "*** Titled Tuesday Blitz"]
[Site "Chess.com"]
[Date "2020.10.20"]
[Round "6"]
[White "Fischerev7"]
[Black "FMalexhdez"]
[Result "1-0"]
[WhiteElo "2412"]
[BlackElo "2262"]
[TimeControl "180+1"]
[EndTime "11:09:08 PDT"]
[Termination "Fischerev7 won on time"]

1. e4 c5 2. Nf3 d6 3. d4 cxd4 4. Nxd4 Nf6 5. Nc3 a6 6. Be3 e5 7. Nb3 Be6 8. f3 Nbd7 9. Qd2 Rc8 10. g4 Nb6 11. Na5 Qc7 12. g5 Nfd7 13. O-O-O Nc4 14. Nxc4 Bxc4 15. Bxc4 Qxc4 16. Kb1 Be7 17. Nd5 Bd8 18. h4 O-O 19. h5 f5 20. gxf6 Nxf6 21. Rhg1 Nxd5 22.
exd5 Rxf3 23. Bh6 Rc7 24. Bg5 Bxg5 25. Qxg5 Qxc2+ 26. Ka1 Rf8 27. a3 Qf5 28. Qh4 Rcf7 29. h6 g6 30. Qb4 Qd7 31. Rc1 Rf4 32. Qb3 Qb5 33. Qg3 Rf2 34. Rb1 Qxd5 35. Qg5 R2f5 36. Qe7 Qf7 37. Qxd6 e4 38. Qd4 Qe7 39. Rge1 Re5 40.
Re3 Rd8 41. Qc3 b5 42. Rbe1 Re8 43. Rxe4 Rxe4 44. Rxe4 1-0

[Event "*** Titled Tuesday Blitz"]
[Site "Chess.com"]
[Date "2020.10.20"]
[Round "6"]
[White "gumimis"]
[Black "MFBerna"]
[Result "0-1"]
[WhiteElo "2282"]
[BlackElo "2420"]
[TimeControl "180+1"]
[EndTime "11:09:09 PDT"]
[Termination "MFBerna won by checkmate"]

1. e4 c5 2. Nf3 e6 3. d4 cxd4 4. Nxd4 Nc6 5. Nc3 Qc7 6. Be2 Nf6 7. O-O a6 8. Be3 Bb4 9. Nxc6 dxc6 10. a3 Bxc3 11. bxc3 Nxe4 12. Qd4 Nf6 13. Bg5 e5 14. Qh4 Nd5 15. Bd3 Be6 16. Rfe1 f6 17. Bd2 O-O-O 18. c4 Ne7 19. Rab1 Bf5 20. Bxf5+ Nxf5 21. Qh3 Rxd2 22. Qxf5+ Kb8 23. c5 Qd7 24. Qf3 Qd5 25.
Qc3 Qd4 26. Qg3 Rd8 27. Rf1 Rd7 28. Qh3 h6 29. Qe6 Qxc5 30. Qg8+ Ka7 31. a4 Rxc2 32. Qe8 Rcd2 33. a5 Qxa5 34. Qe6 Qc5 35. Qb3 a5 36. Qh3 e4 37. Qf5 Qxf5 38. Rxb7+ Kxb7 39. Rb1+ Kc7 40. Rb2 Rd1# 0-1

[Event "*** Titled Tuesday Blitz"]
[Site "Chess.com"]
[Date "2020.10.20"]
[Round "6"]
[White "Fins0905"]
[Black "igorkovalenko"]
[Result "0-1"]
[WhiteElo "2634"]
[BlackElo "2810"]
[TimeControl "180+1"]
[EndTime "11:09:10 PDT"]
[Termination "igorkovalenko won on time"]

1. d4 Nf6 2. Nf3 g6 3. Bg5 Bg7 4. Nbd2 d6 5. e3 h6 6. Bh4 b6 7.
Bb5+ c6 8. Bd3 Nbd7 9. h3 Bb7 10. Qe2 Qc7 11. O-O-O a6 12. Kb1 Nd5 13. c3 c5 14. Bg3 b5 15. e4 N5b6 16. e5 dxe5 17. dxe5 e6 18. Ne4 O-O 19. h4 Nxe5 20. h5 f5 21. Ned2 f4 22. Bh4 g5 23. Bxg5 hxg5 24. Nxg5 Qe7 25. Ndf3 Nbd7 26. Be4 Nxf3 27. Nxf3 Bxe4+ 28. Qxe4 Nf6 29. Qc2 Bh6 30. Ne5 Qh7 31. Ng6 Rfd8 32.
Rde1 Re8 33. Ka1 Rad8 34. Qe2 Qf7 35. Ne5 Qg7 36. Ng6 c4 37. Qe5 Nd5 38. Qe4 b4 39. Qxc4 bxc3 40. Ne5 cxb2+ 41. Kb1 Qh7+ 42. Ng6 Bg7 43. Qb3 Bf6 44. Rh3 Qc7 45. Rd3 Kf7 46.
Red1 Rc8 47. Rxd5 Qc1+ 0-1

[Event "*** Titled Tuesday Blitz"]
[Site "Chess.com"]
[Date "2020.10.20"]
[Round "6"]
[White "dpopadic"]
[Black "SamuelGhimpu2003"]
[Result "1-0"]
[WhiteElo "2404"]
[BlackElo "2565"]
[TimeControl "180+1"]
[EndTime "11:09:10 PDT"]
[Termination "dpopadic won by resignation"]

1. e4 e6 2. Nf3 d5 3. e5 c5 4. b4 d4 5. a3 Nc6 6. c3 dxc3 7. dxc3 Qxd1+ 8. Kxd1 Nge7 9. Bf4 Ng6 10. Bg3 b6 11. Nbd2 Bb7 12. Kc2 O-O-O 13. Bd3 Be7 14.
Rhd1 Kb8 15. Be4 Rd7 16. Nc4 Rhd8 17. Rxd7 Rxd7 18. Bxg6 hxg6 19. Rd1 Rxd1 20. Kxd1 cxb4 21. cxb4 Ba6 22. Ne3 Kc7 23. Kd2 Kd7 24. Kc3 Be2 25. Nd4 Nxd4 26. Kxd4 Kc6 27. Kc3 a5 28. f3 axb4+ 29.
axb4 Kb5 30. Nc2 Bf1 31. Bf2 Bxg2 32. f4 Kc6 33. Ne3 b5 34. Nxg2 Kd5 35. Be3 Ke4 36.
Bc5 Bd8 37. Bf8 Kf3 38. Ne1+ Kxf4 39. Bxg7 g5 40. Nd3+ Kf3 41. Bf6 Bxf6 42. exf6 Ke4 43. Nc5+ Kd5 44. Nd7 e5 45. Kd3 g4 46. Nc5 e4+ 47.
Nxe4 Ke5 48. Ke3 Kf5 49. Nd6+ Kxf6 50. Nxb5 Ke5 51. Nd4 f5 52. Ne2 Kd5 53. Kf4 1-0

[Event "*** Titled Tuesday Blitz"]
[Site "Chess.com"]
[Date "2020.10.20"]
[Round "6"]
[White "Flawless_Fighter"]
[Black "LittlePeasant"]
[Result "0-1"]
[WhiteElo "2578"]
[BlackElo "2811"]
[TimeControl "180+1"]
[EndTime "11:09:11 PDT"]
[Termination "LittlePeasant won by checkmate"]

1. d4 Nf6 2. c4 e6 3. g3 d5 4. Bg2 dxc4 5. Nf3 c6 6. Ne5 Bb4+ 7.
Bd2 Qxd4 8. Bxb4 Qxe5 9. Nd2 Qxb2 10. Rb1 Qd4 11. e3 Qd3 12. Bf1 Qd5 13. Nxc4 Ne4 14. f3 Qxd1+ 15. Rxd1 c5 16. Ba5 b6 17. Bxb6 axb6 18.
Nxb6 Rxa2 19. Nxc8 Nc3 20. Rc1 Ra3 21. Kd2 Nd5 22.
Bb5+ Kd8 23. Nd6 Ke7 24. Nc4 Ra2+ 25. Rc2 Rxc2+ 26. Kxc2 Rd8 27. e4 Nb4+ 28. Kb2 N8c6 29. Bxc6 Nxc6 30. Ra1 Rb8+ 31. Kc3 Rb7 32. Ra6 Nd4 33. Ra5 Rb3+ 34. Kd2 Nxf3+ 35. Kd1 Rc3 36. Rxc5 f6 37. Rc7+ Kd8 38. Rc5 Ne5 39. Rxe5 fxe5 40. Nxe5 Re3 41. Nf7+ Ke7 42. Ng5 h6 43. Nh3 Rxe4 44.
Nf2 Ra4 45. Ke2 e5 46. Kf3 Ke6 47. Ng4 Ra3+ 48. Ne3 g6 49. Ke4 Ra4+ 50. Kf3 Kf6 51. h4 Ke6 52. Ng4 Rxg4 53. Kxg4 Kd5 54. h5 gxh5+ 55.
Kxh5 e4 56. Kxh6 e3 57. g4 e2 58. g5 e1=Q 59. g6 Qh4+ 60. Kg7 Ke6 61. Kf8 Qe7+ 62.
Kg8 Kf6 63. Kh8 Qg7# 0-1

[Event "*** Titled Tuesday Blitz"]
[Site "Chess.com"]
[Date "2020.10.20"]
[Round "6"]
[White "bait_or_mate"]
[Black "Slovak_fighter2000"]
[Result "0-1"]
[WhiteElo "2583"]
[BlackElo "2424"]
[TimeControl "180+1"]
[EndTime "11:09:12 PDT"]
[Termination "Slovak_fighter2000 won by resignation"]

1. d4 Nf6 2. c4 e6 3. Nf3 d5 4. g3 Bb4+ 5. Nbd2 O-O 6. Bg2 c6 7.
O-O Nbd7 8. Qc2 b6 9. b3 Bb7 10. Bb2 Rc8 11. e4 c5 12. exd5 exd5 13. dxc5 Bxc5 14. Rad1 Qc7 15. Qf5 dxc4 16. Nxc4 Be4 17. Qg5 h6 18. Qd2 Qb7 19. Nh4 Bxg2 20. Nxg2 Qf3 21. Qd3 Qxd3 22. Rxd3 Rc7 23. Nge3 Bxe3 24. Rxe3 Nd5 25. Re2 Nc5 26. Rd1 Nb4 27. Bc3 Nc6 28.
Red2 Re8 29. Bb2 Rce7 30. Nd6 Re1+ 31. Rxe1 Rxe1+ 32. Kg2 Ne5 33. Nf5 f6 34. Rc2 Ned3 35. Bd4 Re4 36. Bxc5 Ne1+ 37. Kf1 Nxc2 38. Bd6 Kh7 39.
Bf4 Re1+ 40. Kg2 Ra1 41. Nd6 Rxa2 42. Nc8 Ne1+ 43. Kf1 Nd3 44. Bb8 Rxf2+ 45. Kg1 Rb2 46. Bxa7 b5 47. Nd6 Rxb3 0-1

[Event "*** Titled Tuesday Blitz"]
[Site "Chess.com"]
[Date "2020.10.20"]
[Round "6"]
[White "tan275"]
[Black "konradrutkowski"]
[Result "0-1"]
[WhiteElo "2172"]
[BlackElo "2408"]
[TimeControl "180+1"]
[EndTime "11:09:12 PDT"]
[Termination "konradrutkowski won by resignation"]

1. d4 Nf6 2. c4 e6 3. g3 Bb4+ 4. Bd2 a5 5. Bg2 O-O 6. Bxb4 axb4 7. Nf3 Nc6 8. O-O d5 9. Ne5 Ne7 10. Nd2 Nf5 11. cxd5 exd5 12. Ndf3 c6 13. Qb3 Qe7 14. Rfe1 Nxd4 15. Nxd4 Qxe5 16. Qxb4 Re8 17. a3 Ne4 18. Rad1 c5 19. Nf3 cxb4 20. Nxe5 Rxe5 21. Bxe4 Rxe4 22.
Rxd5 Be6 23. Rd3 bxa3 24. bxa3 h5 25. f3 Re5 26. Kf2 Rea5 27. Rb1 b5 28. Rc3 Bc4 29.
Ra1 Be6 30. Rb1 Rxa3 31. Rxa3 Rxa3 32. Rxb5 g6 33. Rb8+ Kg7 34. Rb6 Ra2 35. h4 Bc4 36.
Ke3 Rxe2+ 37. Kf4 Be6 38. Rc6 Rb2 39. Rc3 Rb4+ 40. Ke3 Kf6 41. Kf2 Bd5 42. Rc5 Ke6 43.
Ra5 Rb2+ 44. Ke3 Rb3+ 45. Kd4 Bxf3 46. Ra6+ Kf5 47. Ra5+ Kf6 48. Rg5 Bg4 49. Ke4 Rxg3 50. Kf4 Rf3+ 51. Ke4 Rf5 0-1

[Event "*** Titled Tuesday Blitz"]
[Site "Chess.com"]
[Date "2020.10.20"]
[Round "6"]
[White "Buffy7"]
[Black "Shuvalov"]
[Result "1/2-1/2"]
[WhiteElo "2652"]
[BlackElo "2472"]
[TimeControl "180+1"]
[EndTime "11:09:13 PDT"]
[Termination "Game drawn by repetition"]

1. c4 c6 2. d4 d5 3. Nf3 Nf6 4. e3 Bf5 5. Nc3 e6 6. Nh4 Bg6 7. Qb3 Qc7 8. Bd2 Nbd7 9. cxd5 exd5 10. Nxg6 hxg6 11. O-O-O O-O-O 12. h3 Kb8 13. Kb1 g5 14. Be2 Bd6 15. Rc1 Qb6 16. Qc2 g6 17. Ka1 Rde8 18. Rb1 Ne4 19. Nxe4 Rxe4 20. b4 f5 21. Bd3 Re7 22.
g4 f4 23. Bxg6 Nf6 24. Bd3 Ne4 25. Bxe4 Rxe4 26. Qd3 Qd8 27. f3 Re7 28. b5 c5 29. dxc5 Bxc5 30. exf4 Qf8 31. Bc3 gxf4 32. Qxd5 Re3 33. Rhc1 Rxc3 34. Rxc3 Be7 35. Rbc1 Bf6 36.
Kb1 Bxc3 37. Rxc3 Qb4+ 38. Kc2 Qa4+ 39. Kb2 Qb4+ 40. Rb3 Qe1 41. Qd6+ Ka8 42. Rd3 Rc8 43. Rd1 Qc3+ 44. Kb1 Qc2+ 45. Ka1 Qc3+ 46. Kb1 Qc2+ 47.
Ka1 Qc3+ 48. Kb1 1/2-1/2

[Event "*** Titled Tuesday Blitz"]
[Site "Chess.com"]
[Date "2020.10.20"]
[Round "6"]
[White "731291"]
[Black "fabianvivasz"]
[Result "1-0"]
[WhiteElo "2631"]
[BlackElo "2447"]
[TimeControl "180+1"]
[EndTime "11:09:13 PDT"]
[Termination "731291 won on time"]

1. e4 e5 2. Nf3 Nc6 3. Bb5 f5 4. d4 fxe4 5. Bxc6 dxc6 6. Nxe5 Qh4 7. Nc3 Nf6 8. Be3 Bd6 9. Qe2 Be6 10. h3 O-O-O 11.
O-O-O Nd5 12. Nxd5 cxd5 13. f4 exf3 14. Nxf3 Qe4 15.
Rhe1 Rhe8 16. Qb5 a6 17. Qb3 Bg3 18. Rf1 h6 19. Kb1 g5 20. Bf2 Bxf2 21. Rxf2 Bf5 22. a3 Qe3 23. Qxe3 Rxe3 24. Ne5 Be4 25. Rdd2 Rg3 26. Kc1 h5 27. Kd1 g4 28. h4 Re3 29.
c3 g3 30. Rf7 b6 31. Re2 Rxe2 32. Kxe2 Bxg2 33. Rg7 Be4 34. Rxg3 Rf8 35. Rg7 Rf4 36.
Nc6 Rg4 37. Rxg4 hxg4 38. Kf2 Bf3 39. Ne5 Kd8 40. Nxf3 gxf3 41. Kxf3 Ke7 42. Kf4 1-0

[Event "*** Titled Tuesday Blitz"]
[Site "Chess.com"]
[Date "2020.10.20"]
[Round "6"]
[White "bazar-wokzal"]
[Black "ExtremeLearner"]
[Result "0-1"]
[WhiteElo "2510"]
[BlackElo "2383"]
[TimeControl "180+1"]
[EndTime "11:09:15 PDT"]
[Termination "ExtremeLearner won by resignation"]

1. e4 c6 2. d4 d5 3. e5 Bf5 4.
Nc3 a6 5. g4 Bd7 6. f4 e6 7.
Nf3 h5 8. gxh5 Ne7 9. Ne2 c5 10. dxc5 Nf5 11. b4 a5 12. c3 axb4 13. cxb4 b6 14.
Ng3 Nxg3 15. hxg3 bxc5 16. bxc5 Bxc5 17. Qe2 Nc6 18. Bd2 Nd4 19. Nxd4 Bxd4 20. Rb1 Rxa2 21. Qd3 Bc5 22. f5 Ra3 23. Qc2 Qc7 24. Bd3 Qxe5+ 25.
Kd1 Ba4 26. Qxa4+ Rxa4 27. Bb5+ Ke7 28. Bxa4 Rb8 29. Rxb8 Qxb8 30. fxe6 Qb1+ 31. Bc1 Qd3+ 32. Bd2 Qf3+ 33. Kc2 Qxh1 34. exf7 Kxf7 35. Bc6 Qe4+ 36.
Kd1 Qd3 37. Ke1 Be3 38. Bb4 Qb1+ 39. Ke2 Qe4 40. Bxd5+ Qxd5 41. Kxe3 Qb3+ 42. Kf4 Qxb4+ 43. Kg5 Qc5+ 44. Kg4 Qd4+ 45. Kg5 Qe5+ 46. Kg4 g6 47.
hxg6+ Kxg6 48. Kf3 Qc3+ 49. Kg4 Qc4+ 50. Kf3 Kg5 0-1

[Event "*** Titled Tuesday Blitz"]
[Site "Chess.com"]
[Date "2020.10.20"]
[Round "6"]
[White "Sacbutt"]
[Black "orestn"]
[Result "1/2-1/2"]
[WhiteElo "2280"]
[BlackElo "2422"]
[TimeControl "180+1"]
[EndTime "11:09:15 PDT"]
[Termination "Game drawn by repetition"]

1. d4 Nf6 2. c4 e6 3. Nf3 Bb4+ 4. Bd2 Bxd2+ 5. Nbxd2 d5 6. e3 O-O 7. cxd5 exd5 8.
Bd3 b6 9. O-O Bb7 10. Rc1 Ne4 11. Qc2 c5 12. Nxe4 dxe4 13. Bxe4 Bxe4 14. Qxe4 Nd7 15.
Rfd1 Nf6 16. Qb7 cxd4 17. Rxd4 Qe8 18. h3 Qb5 19. b3 h6 20. Rc7 Qa5 21. Ra4 Qh5 22.
Rxa7 Rab8 23. Qc6 Qf5 24. Rcb7 Rbc8 25. Rc7 Rcd8 26. Qc2 Qb5 27. Nd4 Qd5 28. Qc6 Qg5 29.
Qxb6 Nd5 30. Qc5 Nxc7 31. Qxg5 hxg5 32. Rxc7 Ra8 33. a4 Rfc8 34. Rxc8+ Rxc8 35. a5 Rc1+ 36.
Kh2 Ra1 37. b4 Ra4 38. Nc6 Kf8 39. b5 Ke8 40. a6 Kd7 41. Nd4 Kc7 42. Kg3 f6 43. h4 gxh4+ 44. Kxh4 Ra2 45. Kg3 Kb6 46. Kf3 g6 47. g4 Rb2 48. Kg3 Ra2 49. f3 Ra3 50. Kf4 Rc3 51. Ke4 Rc1 52. Kf4 Rc3 53.
Ke4 Rc5 54. f4 Rc3 55. f5 g5 56. Kf3 Ra3 57. Ke2 Kc5 58. Kf3 Kb6 59. Ke4 Kc5 60. Kf3 Kb6 1/2-1/2

[Event "*** Titled Tuesday Blitz"]
[Site "Chess.com"]
[Date "2020.10.20"]
[Round "6"]
[White "shnitez"]
[Black "glebus008"]
[Result "0-1"]
[WhiteElo "2438"]
[BlackElo "2341"]
[TimeControl "180+1"]
[EndTime "11:09:16 PDT"]
[Termination "glebus008 won on time"]

1. c4 e6 2. Nf3 d5 3. e3 Nf6 4. b3 c5 5. Bb2 Nc6 6. cxd5 Nxd5 7.
a3 Nf6 8. Qc2 Be7 9. d3 O-O 10.
Nbd2 b6 11. Be2 Bb7 12. O-O Rc8 13. Rac1 Nd5 14. Ne4 Qd7 15. Qb1 Rfd8 16. Bd1 Nf6 17. Nxf6+ Bxf6 18. Bxf6 gxf6 19. Be2 Ne5 20. Nxe5 fxe5 21.
Rfd1 f6 22. Bf1 Kh8 23. b4 Rg8 24. Qb2 Qd5 25. e4 Qd4 26. Qxd4 cxd4 27. Be2 Ba6 28.
Kf1 Kg7 29. g3 Kf7 30. Ke1 Ke7 31. Kd2 Kd6 32. Rxc8 Rxc8 33. Rc1 Rxc1 34. Kxc1 f5 35. f3 Ke7 36. Kd2 Kf6 37. Bd1 Kg5 38. h4+ Kf6 39.
Bb3 h6 40. Ba4 Bc8 41. Bc6 f4 42. g4 Ba6 43. Bd7 Ke7 44. Bc6 Kd6 45. Be8 Ke7 46. Ba4 Kf6 47. Bb3 Bc8 48. Bc4 Bd7 0-1

[Event "*** Titled Tuesday Blitz"]
[Site "Chess.com"]
[Date "2020.10.20"]
[Round "6"]
[White "MokshanovAlexey"]
[Black "night_player"]
[Result "1-0"]
[WhiteElo "2541"]
[BlackElo "2297"]
[TimeControl "180+1"]
[EndTime "11:09:17 PDT"]
[Termination "MokshanovAlexey won by checkmate"]

1. e4 c5 2. Nf3 Nc6 3. Bb5 e6 4. Bxc6 bxc6 5. O-O d6 6. c3 Ne7 7. d4 cxd4 8. cxd4 Ng6 9. Nc3 Be7 10. Be3 O-O 11. Rc1 Bd7 12. b3 d5 13. e5 Rc8 14.
Na4 Qc7 15. Nc5 Bxc5 16. Rxc5 f6 17. Re1 fxe5 18. Nxe5 Nxe5 19. dxe5 Qxe5 20. Bd4 Qd6 21. b4 Rf7 22. Be5 Qe7 23. f4 Qd8 24. Kh1 Qb6 25.
a3 Ra8 26. Qd4 Bc8 27. Re3 Ba6 28. Rg3 Qb7 29. h3 Bc4 30. Kh2 a5 31. Rxa5 Rxa5 32. bxa5 g6 33. Qc5 Qa7 34. Qd6 Qd7 35. Qb8+ Rf8 36.
Qb6 Bb5 37. Bc3 Qd8 38. Qd4 Kf7 39. Qg7+ Ke8 40. Qxh7 Bd3 41. Be5 Bf5 42. a6 Qe7 43. Qh6 Qa7 44. Bd6 Rf7 45. Qh8+ Kd7 46. Be5 Qxa6 47. Rb3 Qa7 48. Rb8 c5 49. Qe8# 1-0

[Event "*** Titled Tuesday Blitz"]
[Site "Chess.com"]
[Date "2020.10.20"]
[Round "6"]
[White "Harsha_Bharathakoti"]
[Black "Jospem"]
[Result "0-1"]
[WhiteElo "2776"]
[BlackElo "2956"]
[TimeControl "180+1"]
[EndTime "11:09:19 PDT"]
[Termination "Jospem won by resignation"]

1. c4 c5 2. Nf3 Nc6 3. d4 cxd4 4. Nxd4 Nf6 5. Nc3 e6 6. g3 Bc5 7. Nb3 Be7 8. Bg2 O-O 9. O-O b6 10. Bf4 Ba6 11. Nb5 Rc8 12. Nd6 Bxd6 13. Bxd6 Re8 14. Rc1 Ne7 15. Nd2 Nf5 16. Ba3 Qc7 17. Qa4 Bb7 18.
Qxa7 Rb8 19. c5 b5 20. c6 dxc6 21. Bxc6 Qxc6 22. Rxc6 Bxc6 23. Rc1 Bd5 24. Bb4 e5 25. a3 Nd4 26. Kf1 h5 27. Bc3 Rbc8 28. Rd1 Nc6 29. Qb6 h4 30. Qxb5 Rb8 31. Qc5 Rec8 32. Qd6 h3 33. f3 Rd8 34. Qc5 Rbc8 35. Qe3 Be6 36. Rc1 Nd5 37. Qf2 Nd4 38. Ne4 Bf5 39. Bd2 Rxc1+ 40. Bxc1 Bxe4 41. fxe4 Nf6 42. Qe3 Ng4 43.
Qg5 Nf6 44. Be3 Nc2 45. Bc5 Rd1+ 46. Kf2 Nxe4+ 0-1

[Event "*** Titled Tuesday Blitz"]
[Site "Chess.com"]
[Date "2020.10.20"]
[Round "6"]
[White "TheMagnet"]
[Black "Bulldog167"]
[Result "0-1"]
[WhiteElo "2586"]
[BlackElo "2758"]
[TimeControl "180+1"]
[EndTime "11:09:19 PDT"]
[Termination "Bulldog167 won by resignation"]

1. d4 f5 2. Nc3 Nf6 3. Bg5 d5 4. Bxf6 exf6 5. e3 Be6 6. Bd3 Nc6 7. Qf3 Qd7 8. a3 O-O-O 9. Nge2 g6 10. O-O-O Kb8 11. Nf4 Bf7 12. h3 h5 13. h4 Ne7 14.
Kb1 Nc8 15. Rc1 c6 16. Na4 Nd6 17. Nc5 Qe8 18. Qe2 Ne4 19. Nb3 b5 20. Qe1 Bd6 21.
g3 Bc7 22. f3 Nd6 23. Qf2 Bb6 24. Rhe1 Qe7 25. Nc5 Nc4 26. e4 dxe4 27. fxe4 Rxd4 28. Qxd4 Bxc5 29. Qc3 b4 30. axb4 Bxb4 31. Qd4 Rd8 32. exf5 Qc7 33. Qxc4 Bxc4 34. Bxc4 Bxe1 35. Ne6 Qxg3 36. Nxd8 gxf5 37. Nxc6+ Kc7 38. Ne7 f4 39. Nd5+ Kd6 40. Rd1 Kc5 41. Bb3 f3 42. Nxf6 Qxh4 43. Rd5+ Kb6 44. Nd7+ Kc6 45. Ne5+ Kb6 46. Nxf3 Qh1 47.
Rd6+ Kc7 48. Rd1 Qxf3 49. Rxe1 h4 50. Re7+ Kd6 51. Rh7 h3 52. Ka2 Qg2 53. Rh6+ Ke7 54. Rh5 h2 55. Bd5 Qxc2 56. Rh7+ Qxh7 0-1

[Event "*** Titled Tuesday Blitz"]
[Site "Chess.com"]
[Date "2020.10.20"]
[Round "6"]
[White "ThePatrick27"]
[Black "mamey78"]
[Result "1-0"]
[WhiteElo "2563"]
[BlackElo "2406"]
[TimeControl "180+1"]
[EndTime "11:09:20 PDT"]
[Termination "ThePatrick27 won on time"]

1. d4 d5 2. Nf3 Nf6 3. Bf4 c5 4.
e3 e6 5. c3 Bd6 6. Bxd6 Qxd6 7.
Bd3 O-O 8. O-O Nc6 9. Nbd2 e5 10.
dxc5 Qxc5 11. e4 Bg4 12. h3 Bh5 13. Re1 Rad8 14. Qe2 Rfe8 15. a3 a5 16. Rac1 Qb6 17. exd5 Rxd5 18. Ne4 Bg6 19. Nxf6+ gxf6 20. Bc4 Rd7 21.
Nh4 Red8 22. b4 Ne7 23. Nxg6 hxg6 24. Red1 Kg7 25. Rxd7 Rxd7 26. Bb3 Nf5 27. Rd1 Rxd1+ 28. Qxd1 Qc6 29. Qd5 Qxc3 30. Qxf7+ Kh6 31. Qc4 Qa1+ 32. Kh2 Qxa3 33. bxa5 Qxa5 34. Qc1+ Kg7 35. Qc8 Qd2 36. Qxb7+ Kh6 37. Qf3 Nd4 38. Qg3 Nxb3 39. Qxb3 Qf4+ 40. Kg1 Qc1+ 41. Kh2 Qf4+ 42. Qg3 Qxg3+ 43. Kxg3 Kg5 44.
Kf3 f5 45. g3 e4+ 46. Ke3 Kf6 47. Kd4 g5 48. h4 gxh4 49. gxh4 Kg6 50. Ke5 Kh5 51. Kxf5 Kxh4 52. Kxe4 Kg5 53. f3 Kf6 54. Kf4 Kg6 55. Ke5 Kf7 56. Kf5 1-0